 Dungeon Crawl Stone Soup version 0.29-a0-993-g4a18f31a58 (webtiles) character file.

Game seed: 14347162617793906435

23 jlumianski the Trooper (level 2, -7/27 HPs)
             Began as a Minotaur Fighter on Aug 2, 2022.
             Killed by divine providence
             ... invoked by an orc priest
              (12 damage)
             ... on level 3 of the Dungeon.
             The game lasted 00:01:57 (444 turns).

jlumianski the Trooper (Minotaur Fighter)            Turns: 444, Time: 00:01:57

Health: -7/27      AC:  7    Str: 20    XL:     2   Next: 72%
Magic:  1/1        EV:  9    Int:  5    God:
Gold:   24         SH:  4    Dex:  9    Spells: 1/1 levels left

rFire   . . .      SeeInvis .   h - +0 broad axe
rCold   . . .      Faith    .   c - +0 buckler
rNeg    . . .      Spirit   .   b - +0 scale mail
rPois   .          Reflect  .   (helmet restricted)
rElec   .          Harm     .   (no cloak)
rCorr   .          Rampage  .   (no gloves)
Will    .....                   (no boots)
Stlth   ..........              (no amulet)
HPRegen 0.09/turn               (no ring)
MPRegen 0.07/turn               (no ring)

@: no status effects
A: horns 2, retaliatory headbutt
a: no special abilities


You were on level 3 of the Dungeon.
You visited 1 branch of the dungeon, and saw 4 of its levels.

You collected 24 gold pieces.

Inventory:

Hand Weapons
 a - a +0 war axe
 f - a +2 short sword of protection
 h - a +0 broad axe (weapon)
Armour
 b - a +0 scale mail (worn)
 c - a +0 buckler (worn)
Scrolls
 e - a scroll of brand weapon {unknown}
Potions
 d - a potion of might
 g - a potion of attraction
 i - a potion of berserk rage {unknown}
 j - a potion of invisibility {unknown}


   Skills:
 + Level 4.1 Fighting
 + Level 2.7 Axes
 + Level 3.9 Armour
 + Level 4.0 Shields


You had one spell level left.
You didn't know any spells.
Your spell library was empty.

Dungeon Overview and Level Annotations

Branches:
Dungeon (4/15)
 Temple: D:4-7

Altars:


Innate Abilities, Weirdness & Mutations

You have a pair of horns on your head.
You reflexively headbutt those who attack you in melee.


Message History

The ball python hisses angrily.
Found a stone staircase leading down.
The ball python bites you but does no damage.
The ball python grabs you. The ball python constricts you.
You barely miss the ball python.
The ball python bites you but does no damage.
The ball python constricts you. The ball python barely misses you.
The ball python constricts you.
You hit the ball python.
You kill the ball python!
j - a fuming puce potion You hear the slow rusting of a very distant drain.
HP restored.
An orc priest and an orc come into view.
You hear the rusting of a very distant drain.
A kobold comes into view. It is wielding a +0 dagger.
Found 18 gold pieces.
The kobold shouts!
The orc priest invokes the aid of Beogh against you.
Pain shoots through your body! The orc priest barely misses you.
You closely miss the orc priest.
The orc priest miscasts a cantrip.
The orc priest hits you but does no damage.
The orc barely misses you.
You closely miss the orc priest. You barely miss the orc. You hit the kobold.
You kill the kobold!
The orc hits you but does no damage.
The orc priest hits you with a +0 dagger.
Unknown command.
You slash the orc priest! Your headbutt misses the orc priest.
The orc priest is almost dead.
You barely miss the orc.
The orc priest mumbles some strange prayers to Beogh against you.
Pain shoots through your body!
* * * LOW HITPOINT WARNING * * *
The orc hits you but does no damage. x2
The orc priest calls down the wrath of Beogh upon you.
Beogh smites you!
You die...

.o...##.# #.####. ....#.##
#..>... .....#######.#....
## #................ ..
#.##....##.....# #. #.#
#........... #####.#
#.###..........#
....$..######.##...........#
.......#..)@o....##..#..#.##
..........o##.####..###.....
........##....####..........
.......######..#............
....... #.................
....... #.................
###..## #.......#.........
##. . ###..####......... ##
#.####...####.........


You could see an orc priest and an orc.

Vanquished Creatures
  2 worms (D:3)
  An orc (D:3)
  3 endoplasms
  2 hobgoblins
  A kobold (D:3)
  3 ball pythons (D:3)
  A bat (D:1)
  A frilled lizard (D:3)
  A rat (D:1)
15 creatures vanquished.

Notes
Turn   | Place    | Note
-------+----------+-------------------------------------------
     0 | D:1      | jlumianski the Minotaur Fighter began the quest for the
                  | Orb.
     0 | D:1      | Reached XP level 1. HP: 19/19 MP: 0/0
   134 | D:1      | Found a faded altar of an unknown god.
   257 | D:3      | Reached XP level 2. HP: 25/27 MP: 1/1
   444 | D:3      | Killed from afar by an orc priest

Illustrated notes

Levels and vault maps discovered:
D:1:      roderic_dead_forest, layout_rooms,
          shapermc_ecumenical_altar_mp_vishouse
D:2:      layout_rooms, minmay_misc_feat_iff
D:3:      layout_rooms, portal_sewer_entry_e, uniq_jessica
D:4:      layout_basic, nemelex_diamond_rough_becter,
          minmay_temple_entry_gardened_gates

Skill      XL: |  1  2 |
---------------+-------+-----
Fighting       | 4 |  4.1
Shields        | 4 |  4.0
Axes           | |  2.7
Armour         | |  3.9

Action                   || total
-------------------------++-------
Melee: War axe           ||     7
       Broad axe         ||    19
       Headbutt          ||     6
  Use: Scroll            ||     1
Armor: Scale mail        ||    12
Dodge: Dodged            ||     6
Block: Buckler           ||     5

Table legend: (Time is in decaauts)
 A = Elapsed time spent in this place.
 B = Non-inter-level travel time spent in this place.
 C = Inter-level travel time spent in this place.
 D = Time resting spent in this place.
 E = Time spent auto-exploring this place.
 F = Levels seen in this place.
 G = Mean time per level.
                   A        B        C        D        E       F      G
               +--------+--------+--------+--------+--------+-----+--------+
         Total |    455 |    455 |      0 |      0 |    209 |   4 |  113.8 |
       Dungeon |    455 |    455 |      0 |      0 |    209 |   4 |  113.8 |
               +--------+--------+--------+--------+--------+-----+--------+

Top non-repeatable levels by time:
     D:3: 264 daAuts
     D:1: 182 daAuts
     D:2: 6 daAuts
     D:4: 1 daAuts
